 Dungeon Crawl Stone Soup version 0.28.0-53-g5a82cb258f (webtiles) character file.

Game seed: 11803634900321853666

9749 safid the Geomancer (level 11, -2/69 HPs)
             Began as a Gargoyle Earth Elementalist on Aug 26, 2022.
             Was a Believer of Vehumet.
             Slain by a spectral orc warrior
             ... wielding a +0 battleaxe
             ... summoned by Nergalle
              (17 damage)
             ... on level 10 of the Dungeon.
             The game lasted 00:25:33 (12524 turns).

safid the Geomancer (Gargoyle Earth Elementalist)  Turns: 12524, Time: 00:25:33

Health: -2/69      AC: 11    Str: 12    XL:     11   Next: 51%
Magic:  24/24      EV: 12    Int: 20    God:    Vehumet [**....]
Gold:   407        SH:  0    Dex: 10    Spells: 25/29 levels left

rFire   . . .      SeeInvis .   H - staff of earth
rCold   . . .      Faith    .   (no shield)
rNeg    + . .      Spirit   .   b - +0 robe
rPois   ∞          Reflect  .   (no helmet)
rElec   +          Harm     .   (no cloak)
rCorr   .          Rampage  .   (no gloves)
Will    .....                   r - +0 pair of boots
Stlth   ++........              q - amulet of regeneration
HPRegen 1.01/turn               (no ring)
MPRegen 0.19/turn               (no ring)

@: about to teleport, flying
A: sickness immunity, AC +8, negative energy resistance 1, electricity
resistance, torment resistance 1, petrification resistance
a: Renounce Religion


You were on level 10 of the Dungeon.
You worshipped Vehumet.
Vehumet was pleased with you.
You visited 2 branches of the dungeon, and saw 11 of its levels.
You also visited: Ossuary and Bailey.

You collected 435 gold pieces.
You spent 28 gold pieces at shops.

Inventory:

Hand Weapons
 h - a +7 great sword of freezing
Missiles
 a - 21 poisoned darts
 c - 325 stones
 J - a throwing net
Armour
 b - a +0 robe (worn)
 r - a +0 pair of boots (worn)
Magical Staves
 H - a staff of earth (weapon)
Jewellery
 q - an amulet of regeneration (around neck)
 E - an amulet of magic regeneration
Wands
 p - a wand of polymorph (6)
 v - a wand of mindburst (8)
Scrolls
 d - 3 scrolls of enchant armour
 f - 2 scrolls of immolation {unknown}
 i - 3 scrolls of teleportation
 j - a scroll of magic mapping
 n - a scroll of vulnerability {unknown}
 o - 3 scrolls of enchant weapon {unknown}
 u - 3 scrolls of brand weapon
 x - a scroll of fear {unknown}
 y - 2 scrolls of blinking {unknown}
 A - 2 scrolls of amnesia {unknown}
 B - a scroll of summoning {unknown}
 I - a scroll of torment {unknown}
Potions
 e - 3 potions of attraction {unknown}
 g - a potion of heal wounds {unknown}
 k - 3 potions of flight
 l - 5 potions of mutation
 m - a potion of magic {unknown}
 s - a potion of curing
 t - a potion of invisibility
 w - 2 potions of might {unknown}
 z - 2 potions of lignification {unknown}
 C - 4 potions of haste {unknown}
 D - a potion of brilliance {unknown}
 F - a potion of cancellation {unknown}
 G - 2 potions of resistance {unknown}


   Skills:
 + Level 8.9 Fighting
 - Level 2.0 Dodging
 - Level 2.1 Stealth
 + Level 9.6 Spellcasting
 + Level 7.6 Conjurations
 - Level 1.0 Transmutations
 + Level 12.1 Earth Magic


You had 25 spell levels left.
You knew the following spells:

 Your Spells              Type           Power      Damage    Failure   Level
a - Sandblast             Erth           100%       2d20      1%          1
b - Stone Arrow           Conj/Erth      100%       3d13      1%          3

Your spell library contained the following spells:

 Spells                   Type           Power      Damage    Failure   Level
 Shock                    Conj/Air       96%        1d9       1%          1
 Magic Dart               Conj           100%       1d8       1%          1
 Passwall                 Tmut/Erth      43%        N/A       1%          2
 Petrify                  Tmut/Erth      52%        N/A       4%          4
 Animate Skeleton         Necr           18%        N/A       8%          1
 Apportation              Tloc           18%        N/A       8%          1
 Summon Small Mammal      Summ           36%        N/A       8%          1
 Mephitic Cloud           Conj/Pois/Air  19%        N/A       8%          3
 Call Imp                 Summ           9%         N/A       11%         2
 Ensorcelled Hibernation  Hex/Ice        18%        N/A       11%         2
 Spider Form              Tmut/Pois      11%        N/A       19%         3
 Portal Projectile        Hex/Tloc       18%        N/A       22%         3
 Anguish                  Hex/Necr       4%         N/A       58%         4
 Blade Hands              Tmut           6%         N/A       80%         5
 Excruciating Wounds      Necr           4%         N/A       90%         5


Dungeon Overview and Level Annotations

Branches:
Dungeon (10/15)            Temple (1/1) D:7            Lair (0/6) D:8
Ossuary (visited)          Bailey (visited)
    Orc: D:9-12

Altars:
Ashenzari
Cheibriados
Dithmenos
Elyvilon
Fedhas
Gozag
Hepliaklqana
Kikubaaqudgha
Makhleb
Nemelex Xobeh
Okawaru
Qazlal
Ru
Sif Muna
Trog
Vehumet
Wu Jian
Xom
Yredelemnul
Zin
The Shining One

Shops:
D:7 *

Annotations:
D:5 1 runed translucent door, turdburglar's ghost, novice TrFi
D:10 Nergalle


Innate Abilities, Weirdness & Mutations

You are immune to sickness and miasma.
Your stone body is resilient. (AC +8)
You are immune to poison.
You resist negative energy. (rN+)
You are resistant to electric shocks. (rElec)
You are resistant to unholy torment.
You are immune to petrification.


Message History

Nergalle mutters something.
Nergalle drinks a potion.
Nergalle flickers and vanishes!
Deactivating autopickup; reactivate with Ctrl-A.
There is a strange disturbance nearby!
No target in view!
Orcish apparitions take form around you.
You hit the spectral orc warrior but do no damage.
The spectral orc knight hits you but does no damage.
The spectral orc warrior hits you but does no damage.
You hit the spectral orc warrior.
The spectral orc warrior is lightly damaged.
The spectral orc knight hits you with a +0 long sword!
The spectral orc warrior hits you with a +0 battleaxe.
You hit the spectral orc warrior.
The spectral orc warrior is moderately damaged.
The spectral orc knight barely misses you.
The spectral orc warrior hits you with a +0 battleaxe!!
You hit the spectral orc warrior but do no damage.
You shatter the spectral orc warrior!
The spectral orc warrior is heavily damaged.
The spectral orc knight hits you with a +0 long sword!
The spectral orc warrior hits you with a +0 battleaxe.
You hit the spectral orc warrior but do no damage.
The spectral orc warrior is heavily damaged.
The spectral orc knight hits you with a +0 long sword!
The spectral orc warrior hits you but does no damage.
You hear some strange, mumbled words.
Orcish apparitions take form around you.
The spectral orc warrior barely misses you.
The spectral orc knight hits you with a +0 long sword!
* * * LOW HITPOINT WARNING * * *
As you read the scroll of teleportation, it crumbles to dust.
You feel strangely unstable.
The spectral orc warrior closely misses you.
The spectral orc warrior completely misses you.
It was a potion of flight.
You feel very buoyant.
You fly up into the air.
The spectral orc warrior hits you with a +0 battleaxe!
You die...

##.# #.#
#.# #.#
#.# #.#
#Z# #Z#
#@# #.#
#Z# #'#
... .....
.......
#.......#
#.......#


You could see 2 spectral orc warriors and a spectral orc knight (summoned).

Vanquished Creatures
  An orc warlord (Bailey)
  Snorg (D:10)
  Josephine (D:9)
  A two-headed ogre (D:9)
  A kobold demonologist (D:10)
  A komodo dragon (D:9)
  Grinder (D:4)
  2 hornets
  2 wyverns
  5 wraiths
  An acid dragon (D:9)
  A water moccasin (D:8)
  6 orc warriors
  2 ice beasts (D:5)
  2 black bears
  2 hornet zombies
  3 ogres
  3 necrophages
  3 centaurs
  2 kobold brigands (D:8)
  4 scorpions
  3 bullfrogs
  15 killer bees
  13 wights
  4 centaur zombies
  A gnoll shaman (D:7)
  4 hounds
  A jelly (D:4)
  A bullfrog skeleton (D:5)
  A human zombie (Ossuary)
  4 orc priests (D:9)
  6 iguanas
  6 orc wizards
  A hound skeleton (D:5)
  5 mummies
  2 howler monkey zombies
  9 gnolls
  A howler monkey skeleton (D:7)
  5 adders
  An ufetubus (D:5)
  A worm (D:2)
  6 dart slugs
  20 orcs
  3 bats
  7 endoplasms
  6 giant cockroaches
  A gnoll zombie (Ossuary)
  14 goblins
  5 hobgoblins
  A jackal (D:1)
  4 quokkas
  7 ball pythons
  A goblin zombie (Ossuary)
  A hobgoblin zombie (Ossuary)
  24 kobolds
  An orc zombie (Ossuary)
  2 rats
232 creatures vanquished.

Notes
Turn   | Place    | Note
-------+----------+-------------------------------------------
     0 | D:1      | safid the Gargoyle Earth Elementalist began the quest for
                  | the Orb.
     0 | D:1      | Reached XP level 1. HP: 10/10 MP: 3/3
   302 | D:1      | Reached skill level 1 in Transmutations
   302 | D:1      | Reached XP level 2. HP: 16/16 MP: 1/5
   427 | D:1      | Reached skill level 1 in Fighting
   449 | D:1      | Found a faded altar of an unknown god.
   523 | D:1      | Reached XP level 3. HP: 17/20 MP: 6/6
   526 | D:1      | Reached skill level 4 in Earth Magic
   935 | D:2      | Found an ancient bone altar of Kikubaaqudgha.
  1535 | D:2      | Reached XP level 4. HP: 10/26 MP: 3/7
  1754 | D:2      | Learned a level 3 spell: Stone Arrow
  2159 | D:3      | Reached skill level 1 in Conjurations
  2604 | D:3      | Reached XP level 5. HP: 19/31 MP: 6/9
  2842 | D:4      | Noticed a wyvern
  2846 | D:4      | Killed a wyvern
  2847 | D:4      | Reached skill level 5 in Earth Magic
  2847 | D:4      | Reached XP level 6. HP: 37/37 MP: 5/11
  3294 | D:4      | Noticed Grinder
  3297 | D:4      | Paralysed by Grinder for 5 turns
  3310 | D:4      | Paralysed by Grinder for 2 turns
  3312 | D:4      | Killed Grinder
  3313 | D:4      | Reached XP level 7. HP: 27/42 MP: 2/13
  4008 | D:5      | Entered Level 5 of the Dungeon
  4084 | D:5      | Reached skill level 6 in Earth Magic
  4420 | D:5      | Reached XP level 8. HP: 48/48 MP: 4/14
  4667 | D:5      | Found a runed translucent door.
  4671 | D:5      | Noticed turdburglar's ghost (novice TrFi)
  4700 | D:5      | Reached skill level 5 in Fighting
  4899 | D:5      | Reached skill level 5 in Spellcasting
  4899 | D:5      | Reached skill level 7 in Earth Magic
  5462 | D:6      | Reached skill level 8 in Earth Magic
  5463 | D:6      | Reached XP level 9. HP: 25/55 MP: 2/17
  5546 | D:6      | Found a sand-covered staircase.
  5553 | Ossuary  | Entered an ossuary
  6625 | D:6      | Reached skill level 9 in Earth Magic
  6994 | D:7      | Found Jeripsy's General Store.
  7036 | D:7      | Bought a scroll of identify for 28 gold pieces
  7037 | D:7      | Noticed a hornet
  7041 | D:7      | Killed a hornet
  7205 | D:7      | Found a staircase to the Ecumenical Temple.
  7223 | Temple   | Entered the Ecumenical Temple
  7370 | Temple   | Became a worshipper of Vehumet
  7401 | D:7      | Reached skill level 10 in Earth Magic
  7701 | D:7      | Found a large runed translucent door.
  7701 | D:7      | Found a large runed translucent door.
  7944 | D:7      | Reached XP level 10. HP: 42/60 MP: 2/22
  8497 | D:7      | Found a blossoming altar of Fedhas.
  8518 | D:7      | Found a sacrificial altar of Ru.
  8630 | D:8      | Found a flagged portal.
  8645 | Bailey   | Entered a bailey
  8685 | Bailey   | Reached * piety under Vehumet
  8685 | Bailey   | Offered knowledge of Foxfire by Vehumet.
  8720 | Bailey   | Noticed an orc warlord
  8915 | Bailey   | Found a runed translucent gate.
  8916 | Bailey   | Found a runed translucent gate.
  8917 | Bailey   | Found a runed translucent gate.
  8932 | Bailey   | Reached skill level 5 in Conjurations
  9276 | Bailey   | Killed an orc warlord
  9429 | Bailey   | Acquired a staff of earth
  9628 | D:8      | Found a staircase to the Lair.
  9867 | D:8      | Found a snail-covered altar of Cheibriados.
 10254 | D:8      | Noticed a green ugly thing
 10256 | D:8      | Noticed a centaur warrior
 10257 | D:8      | Noticed an ogre mage
 10269 | D:8      | Reached skill level 11 in Earth Magic
 10271 | D:8      | Reached ** piety under Vehumet
 10380 | D:8      | Offered knowledge of Shock by Vehumet.
 10917 | D:9      | Noticed a two-headed ogre
 11176 | D:9      | Killed a two-headed ogre
 11177 | D:9      | Reached XP level 11. HP: 68/68 MP: 11/24
 11931 | D:10     | Entered Level 10 of the Dungeon
 11949 | D:10     | Noticed Josephine
 12136 | D:9      | Killed Josephine
 12241 | D:10     | Reached skill level 12 in Earth Magic
 12276 | D:10     | Noticed Snorg
 12284 | D:10     | Killed Snorg
 12515 | D:10     | Noticed Nergalle
 12524 | D:10     | Slain by a spectral orc warrior

Illustrated notes

Levels and vault maps discovered:
D:1:      erik_arrival_triangle_small, layout_rooms,
          ebering_ecumenical_altar_petrified, minmay_three_crescents
D:2:      layout_basic, basic_altar
D:3:      layout_rooms, kennysheep_generic_room_3
D:4:      layout_loops_ring, serial_glass, glass_columns_c, glass_columns_b,
          glass_columns_a, uniq_grinder
D:5:      layout_gridville, ebering_ghost_sewer_d
D:6:      layout_cave_pools, gup_ossuary_entry_pyramid,
          chequers_serial_rivers_micro_a, minmay_misc_feat_plants
D:7:      layout_basic, jmf_multi_god_temple2, minmay_temple_entry_waves,
          serial_shops, shop, kennysheep_generic_room_4
D:8:      layout_layer_cave, overflow_temple_1_default, lair_entry_dummy,
          enter_bailey_7, onia_ninara_dug_in_and_dangerous
D:9:      layout_loops_ring, kennysheep_decorative_pillar
D:10:     layout_roguey, nicolae_uskayaw_murder_on_the_dancefloor, minmay_puff,
          uniq_josephine, uniq_nergalle, uniq_snorg
Temple:   regret_index_temple_mists

Skill      XL: |  1  2  3  4  5  6  7  8  9 10 11 |
---------------+----------------------------------+-----
Transmutations | 1 |  1.0
Fighting       | 1 2 3 4 6 8 |  8.9
Earth Magic    | 4 5 6 8 10 11 12 | 12.1
Dodging        | 2 |  2.0
Conjurations   | 1 2 3 4 6 7 |  7.6
Spellcasting   | 3 4 5 8 9 |  9.6
Stealth        | |  2.1

Action                   |  1- 3 |  4- 6 |  7- 9 | 10-12 || total
-------------------------+-------+-------+-------+-------++-------
Melee: Trident           |    80 |    53 |       |       ||   133
       Unarmed           |    13 |       |     3 |       ||    16
       Punch             |     1 |       |       |       ||     1
       Halberd           |       |     5 |    35 |       ||    40
       Great sword       |       |       |    12 |    47 ||    59
       Staff             |       |       |       |    86 ||    86
 Cast: Sandblast         |    19 |    38 |     7 |     1 ||    65
       Stone Arrow       |       |     3 |   125 |   148 ||   276
Evoke: Wand              |       |       |       |     1 ||     1
  Use: Scroll            |       |       |     8 |     4 ||    12
       Potion            |       |       |       |     4 ||     4
 Stab: Sleeping          |     5 |     2 |     1 |       ||     8
Armor: Robe              |    24 |    21 |    51 |   102 ||   198
Dodge: Dodged            |    61 |    50 |    91 |   176 ||   378
